 Dungeon Crawl Stone Soup version 0.31.0-10-gcf4a605ca0 (webtiles) character file.

Game seed: 6711015713196530755

2796 solopath the Grappler (level 9, -5/80 HPs)
             Began as a Troll Fighter on Jan 26, 2024.
             Was an Initiate of Wu Jian.
             Slain by a wolf (7 damage)
             ... on level 7 of the Dungeon.
             The game lasted 00:07:59 (5236 turns).

solopath the Grappler (Troll Fighter)               Turns: 5236, Time: 00:07:59

Health: -5/80      AC:  6    Str: 28    XL:     9   Next: 43%
Magic:  8/8        EV: 10    Int:  2    God:    Wu Jian [......]
Gold:   361        SH: 10    Dex: 11    Spells: 7/8 levels left

rFire   . .          .
                       - Unarmed
rCold   . . .        b - +1 kite shield
rNeg    . . .        a - +0 robe
rPois   .            (helmet restricted)
rElec   .            (no cloak)
rCorr   .            (gloves unavailable)
SInv    .            (boots unavailable)
Will    .....        (no amulet)
Stlth   +            v - +4 ring of slaying
HPRegen 1.13/turn    (no ring)
MPRegen 0.11/turn

%: no passive effects
@: mighty, frozen, very slow
A: large, unfitting armour, claws 3, regeneration 1, shaggy fur 1, tough skin 1,
iridescent scales 1, dopey 1, subdued magic 1
a: Renounce Religion


You were on level 7 of the Dungeon.
You worshipped Wu Jian.
Wu Jian was noncommittal.
You visited 2 branches of the dungeon, and saw 9 of its levels.
You also visited: Sewer.

You collected 361 gold pieces.

Inventory:

Missiles
 n - 7 poisoned darts (quivered)
Armour
 a - a +0 robe (worn)
 b - a +1 kite shield (worn)
Jewellery
 v - a +4 ring of slaying (left claw)
Talismans
 e - a maw talisman
Wands
 u - a wand of flame (5)
Scrolls
 c - a scroll of enchant armour
 d - 6 scrolls of identify
 g - 2 scrolls of revelation {unknown}
 i - 3 scrolls of fear {unknown}
 l - a scroll of enchant weapon {unknown}
 p - a scroll of acquirement {unknown}
 q - 2 scrolls of vulnerability {unknown}
 s - a scroll of noise {unknown}
 t - a scroll of amnesia {unknown}
Potions
 f - 2 potions of curing
 h - 2 potions of invisibility
 o - 3 potions of heal wounds {unknown}
 r - a potion of degeneration {unknown}


   Skills:
 - Level 2.4 Fighting
 + Level 4.4 Dodging
 - Level 5.1 Shields
 * Level 9.5 Unarmed Combat
 + Level 5.6 Shapeshifting


You had 7 spell levels left.
You knew the following spells:

 Your Spells              Type           Power      Damage    Failure   Level
a - Apportation           Tloc           0%         N/A       73%         1

Your spell library contained the following spells:

 Spells                   Type           Power      Damage    Failure   Level
 Necrotise                Necr           0%         1d4       73%         1
 Sting                    Conj/Alch      0%         1d3       73%         1
 Summon Small Mammal      Summ           0%         N/A       73%         1
 Malign Gateway           Summ/Tloc      0%         N/A       100%        7
 Summon Horrible Things   Summ           0%         N/A       100%        8


Dungeon Overview and Level Annotations

Branches:
Dungeon (8/15)             Temple (1/1) D:7           Sewer (visited)
   Lair: D:8-11

Altars:
Ashenzari
Cheibriados
Dithmenos
Elyvilon
Fedhas
Gozag
Hepliaklqana
Kikubaaqudgha
Makhleb
Nemelex Xobeh
Okawaru
Qazlal
Ru
Sif Muna
Uskayaw
Vehumet
Wu Jian
Xom
Zin
The Shining One

Annotations:
D:7 3 runed translucent doors, Biggs's ghost, novice DjAE


Innate Abilities, Weirdness & Mutations

You are too large for most types of armour.
You have claws for hands.
Your natural rate of healing is unusually fast.
You are covered in fur. (AC +1)
You have tough skin. (AC +1)
You are partially covered in iridescent scales. (AC +2)
You are dopey. (Int -2)
Your spells are a little easier to cast, but a little less powerful.


Message History

You feel very mighty all of a sudden. The wolf bites you.
The rime drake breathes ice at you. The icy flash freeze hits you!
You are encased in ice.
The ice beast hits you. The ice beast freezes you! The wolf closely misses you.
Unknown command.
You closely miss the rime drake. The wolf bites you!
* * * LOW HITPOINT WARNING * * *
You block the rime drake's attack. You block the ice beast's attack.
Unknown command.
You claw the rime drake!
The rime drake is heavily wounded.
The wolf misses you. The rime drake misses you. The wolf bites you.
* * * LOW HITPOINT WARNING * * *
The ice beast hits you but does no damage.
Unknown command.
You closely miss the rime drake.
The rime drake is heavily wounded.
The ice encasing you melts away. The wolf bites you.
* * * LOW HITPOINT WARNING * * *
The rime drake completely misses you. You block the ice beast's attack.
Unknown command.
You miss the rime drake.
The rime drake is heavily wounded.
You block the wolf's attack. You block the rime drake's attack.
The wolf barely misses you. The rime drake bites you.
* * * LOW HITPOINT WARNING * * *
You block the ice beast's attack.
Unknown command.
You barely miss the rime drake.
The rime drake is heavily wounded.
You block the wolf's attack. The rime drake breathes ice at you.
The icy flash freeze hits you!
* * * LOW HITPOINT WARNING * * *
You are encased in ice.
The wolf bites you!
You die...

.....# .....#
####### #### .....#
#.....####...# .
.....###.###.#......
.# .....#...#
#.#.#..# ...
.....#.###
#)#.#.###....
.......# #)#.......#
.......# #)#.Yh....#
#+++##.# #.)..@k...#


KKKKK### #....####.#. #KKK#.# #........... K#.#.⌠# ###........... #...#.#
#............. .....## #....#........ # . ## #....#........ #####
##....#........ ....). #..####........ You could see a rime drake (catching
breath), an ice beast and a wolf.

Vanquished Creatures
  Grinder (D:3)
  Eustachio (D:4)
  A water moccasin (D:7)
  Pargi (Sewer)
  An ice beast (D:6)
  2 ogres
  2 wolves (D:7)
  A centaur (D:6)
  A kobold brigand (D:6)
  A brain worm (Sewer)
  3 bullfrogs
  2 scorpions
  3 gnoll sergeants
  3 wights (D:6)
  3 howler monkeys (D:7)
  3 hounds
  A bombardier beetle (D:4)
  3 sleepcaps
  Jessica (D:3)
  4 iguanas (D:5)
  2 orc wizards
  Natasha (thrice) (D:3)
  15 gnolls
  11 adders
  2 shadow imps
  2 white imps
  3 dart slugs (D:4)
  7 ribbon worms
  12 orcs
  8 endoplasms
  5 giant cockroaches
  6 hobgoblins
  4 jackals
  A quokka (D:1)
  5 ball pythons
  7 bats
  7 frilled lizards
  6 goblins
  9 kobolds
  6 rats
  A spectral goblin (D:3)
  2 butterflies (D:3)
162 creatures vanquished.

Notes
Turn   | Place    | Note
-------+----------+-------------------------------------------
     0 | D:1      | solopath the Troll Fighter began the quest for the Orb.
     0 | D:1      | Reached XP level 1. HP: 22/22 MP: 0/0
   182 | D:1      | Reached XP level 2. HP: 29/29 MP: 1/1
   809 | D:2      | Reached skill level 3 in Unarmed Combat
   826 | D:2      | Found a glowing golden altar of the Shining One.
   833 | D:2      | Reached XP level 3. HP: 36/36 MP: 2/2
   971 | D:2      | Learned a level 1 spell: Apportation
  1171 | D:2      | Noticed a scorpion
  1179 | D:2      | Killed a scorpion
  1180 | D:2      | Reached skill level 1 in Shapeshifting
  1180 | D:2      | Reached XP level 4. HP: 37/44 MP: 3/3
  1288 | D:3      | Reached skill level 4 in Unarmed Combat
  1330 | D:3      | Noticed Grinder
  1342 | D:3      | Killed Grinder
  1343 | D:3      | Reached skill level 5 in Unarmed Combat
  1343 | D:3      | Reached XP level 5. HP: 45/50 MP: 4/4
  1343 | D:3      | Reached XP level 6. HP: 53/59 MP: 5/5
  1364 | D:3      | Found a faded altar of an unknown god.
  1463 | D:3      | Found a shimmering altar of Xom.
  1518 | D:3      | Noticed Natasha
  1539 | D:3      | Killed Natasha
  1572 | D:3      | Found a glowing drain.
  1585 | Sewer    | Entered a sewer
  1630 | Sewer    | Noticed Pargi
  1638 | Sewer    | Killed Pargi
  1639 | Sewer    | Reached XP level 7. HP: 54/66 MP: 6/6
  1745 | D:3      | Noticed Jessica
  1755 | D:3      | Killed Jessica
  1758 | D:3      | Noticed Natasha
  1761 | D:3      | Killed Natasha
  1891 | D:3      | Noticed Natasha
  1901 | D:3      | Killed Natasha
  1902 | D:3      | Reached skill level 6 in Unarmed Combat
  2016 | D:3      | Found a radiant altar of Vehumet.
  2233 | D:4      | Noticed Eustachio
  2259 | D:4      | Killed Eustachio
  2276 | D:4      | Identified the +3 long sword of Kaodicw {heavy, rPois MP+9
                  | Dex+2}
  2516 | D:4      | Reached skill level 5 in Shields
  2516 | D:4      | Reached XP level 8. HP: 74/74 MP: 7/7
  3062 | D:5      | Entered Level 5 of the Dungeon
  3156 | D:5      | Reached skill level 7 in Unarmed Combat
  3915 | D:6      | Reached skill level 8 in Unarmed Combat
  4731 | D:6      | Reached skill level 5 in Shapeshifting
  4779 | D:6      | Reached XP level 9. HP: 56/80 MP: 8/8
  4930 | D:7      | Reached skill level 9 in Unarmed Combat
  4962 | D:7      | Found a runed translucent gate.
  4963 | D:7      | Found a runed translucent gate.
  4964 | D:7      | Found a runed translucent gate.
  4965 | D:7      | Noticed Biggs's ghost (novice DjAE)
  4965 | D:7      | Noticed a kobold demonologist
  5000 | D:7      | Gained mutation: Your spells are a little easier to cast,
                  | but a little less powerful. [potion of mutation]
  5000 | D:7      | Gained mutation: You are partially covered in iridescent
                  | scales. (AC +2) [potion of mutation]
  5000 | D:7      | Gained mutation: You are dopey. (Int -2) [potion of
                  | mutation]
  5080 | D:7      | Found a staircase to the Ecumenical Temple.
  5089 | Temple   | Entered the Ecumenical Temple
  5120 | Temple   | Became a worshipper of the Wu Jian Council
  5228 | D:8      | Noticed a rime drake
  5236 | D:7      | HP: 2/80 [rime drake/icy flash freeze (12)]
  5236 | D:7      | Slain by a wolf

Illustrated notes

Levels and vault maps discovered:
D:1:      dpeg_arrival_line_fractal, layout_loops_ring
D:2:      layout_basic, basic_altar, serial_bayou_lagoon_a
D:3:      layout_loops_ring, marbit_many_paths, xom_butterflies,
          lightli_sewer_entry_pipes, dreamdust_ecumenical_altar_drowned_temple,
          uniq_jessica, uniq_natasha, uniq_grinder
D:4:      layout_basic, uniq_eustachio
D:5:      layout_gridville
D:6:      layout_basic, kb_lookout_dungeons_type
D:7:      layout_basic, minmay_temple_entry_junction_2,
          gammafunk_ghost_nasty_kobolds
D:8:      layout_basic, hellmonk_lair_entry_icy, serial_rivers,
          chequers_serial_rivers_micro_a, chequers_serial_rivers_small_3,
          chequers_serial_rivers_micro_b, chequers_serial_rivers_small_3,
          chequers_serial_rivers_marsh, serial_shops,
          nicolae_inconvenience_store, grunt_decor_cap, grunt_tough_drop
Temple:   compressed_dpeg_circular_temple

Skill      XL: |  1  2  3  4  5  6  7  8  9 |
---------------+----------------------------+-----
Shields        | 3 4 5 |  5.1
Unarmed Combat | 3 5 6 8 9 |  9.5
Shapeshifting  | 1 2 3 5 |  5.6
Dodging        | 3 4 |  4.4
Fighting       | |  2.4

Action                     |  1- 3 |  4- 6 |  7- 9 || total
---------------------------+-------+-------+-------++-------
  Melee: Unarmed           |    77 |    61 |   334 ||   472
  Throw: Dart              |       |       |     7 ||     7
    Use: Scroll            |       |     4 |       ||     4
         Potion            |       |     1 |     4 ||     5
   Stab: Sleeping          |       |     1 |       ||     1
         Invisible         |       |       |     4 ||     4
 Armour: Robe              |    42 |    29 |   175 ||   246
  Dodge: Dodged            |    22 |    11 |   122 ||   155
  Block: Kite shield       |    22 |    24 |   189 ||   235
